 Dungeon Crawl Stone Soup version 0.27-a0-1090-gb115f176c6 (webtiles) character file.

Game seed: 839331257302001488

70568 sizableburger the Thaumaturge (level 14, -5/72 (88) HPs)
             Began as a Mummy Earth Elementalist on Apr 23, 2021.
             Was the Champion of Ru.
             Slain by a sixfirhy (9 damage)
             ... summoned by an orc sorcerer
             ... on level 2 of the Orcish Mines on Apr 27, 2021.
             The game lasted 01:44:46 (33679 turns).

sizableburger the Thaumaturge (MuEE)               Turns: 33679, Time: 01:44:47

HP:   -5/72 (88)    AC: 13    Str: 17    XL:     14   Next: 94%
MP:   24/30         EV: 15    Int: 20    God:    Ru [******]
Gold: 1748          SH:  0    Dex: 13    Spells: 5/38 levels left

rFire    . . .     SeeInvis +   B - +5 quarterstaff "Ibrut" {vamp, rF+ rN+ SInv}
rCold    + . .     Faith    .   (shield currently unavailable)
rNeg     + + +     Spirit   .   x - +0 ring mail of Paranoia {Int+4}
rPois    ∞         Reflect  .   (no helmet)
rElec    .         Harm     .   q - +1 cloak {rCorr}
rCorr    +         Rampage  .   j - +0 pair of gloves
Will     ++...                  d - +2 pair of boots
Stlth    +.........             a - amulet "Nekhec" {RegenMP rN+ Str+5}
HPRegen  0.22/turn              w - +4 ring of evasion
MPRegen  0.47/turn              c - ring of willpower

@: heavily drained
A: cold resistance 1, dopey 1, frail 2, negative energy resistance 3, torment
resistance 2, unbreathing 1, heat vulnerability 1, inability to use devices, in
touch with death 1, no potions
a: Renounce Religion, Draw Out Power, Power Leap, Apocalypse


You were on level 2 of the Orcish Mines.
You worshipped Ru.
Ru was exalted by your worship.
You visited 4 branches of the dungeon, and saw 21 of its levels.
You also visited: Gauntlet.

You collected 1871 gold pieces.
You spent 123 gold pieces at shops.

Inventory:

Hand Weapons
 k - a +1 dagger of venom
 o - the +5 quarterstaff of Excruciating Pain {venom, Str+2 Dex+4 SInv}
   (You found it on level 5 of the Dungeon)

   It poisons the flesh of those it strikes.
   It affects your strength (+2).
   It affects your dexterity (+4).
   It lets you see invisible.
 B - the +5 quarterstaff "Ibrut" (weapon) {vamp, rF+ rN+ SInv}
   (You took it off a spriggan on level 6 of the Lair of Beasts)

   It inflicts no extra harm, but heals its wielder when it wounds a living foe.
   It protects you from fire.
   It protects you from negative energy.
   It lets you see invisible.
 E - a +0 lajatang
Missiles
 m - 211 stones
 n - 3 boomerangs of dispersal
 p - 63 poisoned darts
 v - 4 throwing nets
 y - 5 curare-tipped darts
 z - 7 javelins
 C - 28 boomerangs
 M - 12 silver javelins
Armour
 d - a +2 pair of boots (worn)
 j - a +0 pair of gloves (worn)
 q - a +1 cloak of preservation (worn)
 x - the +0 ring mail of Paranoia (worn) {Int+4}
   (You found it on level 1 of the Lair of Beasts)

   It affects your intelligence (+4).
 I - a +0 chain mail
 N - a +0 cloak of stealth
Magical Staves
 K - a staff of cold
 O - a staff of conjuration
Jewellery
 a - the amulet "Nekhec" (around neck) {RegenMP rN+ Str+5}
   (You acquired it on level 8 of the Dungeon)

   [amulet of magic regeneration]

   It increases your rate of magic regeneration.
   It affects your strength (+5).
   It protects you from negative energy.
 c - a ring of willpower (right hand)
 t - an amulet of reflection
 w - a +4 ring of evasion (left hand)
 A - a ring of willpower
 D - a ring of resist corrosion
 F - an amulet of the acrobat
 J - the amulet "Gan Miyjoes" {rElec Regen+}
   (You found it in a Gauntlet)

   [amulet of regeneration]

   It insulates you from electricity.
   It increases your rate of health regeneration.
Scrolls
 b - 2 scrolls of fear
 e - 3 scrolls of immolation
 f - 7 scrolls of amnesia
 g - 10 scrolls of identify
 h - 5 scrolls of teleportation
 i - a scroll of summoning
 l - 3 scrolls of noise
 r - 2 scrolls of torment
 s - 3 scrolls of enchant weapon
 u - 2 scrolls of fog
 G - a scroll of blinking
 H - a scroll of vulnerability


   Skills:
 + Level 10.9 Fighting
 - Level 3.0 Short Blades
 - Level 8.0 Staves
 + Level 5.1 Throwing
 + Level 6.9 Armour
 - Level 1.5 Dodging
 - Level 1.5 Stealth
 - Level 12.8 Spellcasting
 - Level 3.7 Conjurations
 - Level 6.1 Summonings
 + Level 4.4 Necromancy
 - Level 2.8 Transmutations
 - Level 6.5 Ice Magic
 - Level 9.6 Earth Magic


You had 5 spell levels left.
You knew the following spells:

 Your Spells              Type           Power      Damage    Failure   Level
a - Sandblast             Erth           100%       2d20      1%          1
b - Stone Arrow           Conj/Erth      78%        3d11      1%          3
c - Passwall              Tmut/Erth      30%        N/A       1%          2
d - Call Canine Familiar  Summ           37%        N/A       2%          3
e - Call Imp              Summ           37%        N/A       1%          2
f - Summon Ice Beast      Ice/Summ       38%        N/A       6%          4
g - Lee's Rapid Deconstr  Erth           25%        3d15*     4%          5
h - Petrify               Tmut/Erth      37%        N/A       7%          4
i - Summon Small Mammal   Summ           100%       N/A       1%          1
j - Vampiric Draining     Necr           23%        2d9       4%          3
k - Agony                 Necr           46%        N/A       36%         5

Your spell library contained the following spells:

 Spells                   Type           Power      Damage    Failure   Level
 Animate Skeleton         Necr           92%        N/A       1%          1
 Pain                     Necr           100%       1d9       1%          1
 Summon Guardian Golem    Hex/Summ       25%        N/A       8%          3
 Animate Dead             Necr           23%        N/A       14%         4
 Summon Lightning Spire   Summ/Air       25%        N/A       24%         4


Dungeon Overview and Level Annotations

Branches:
Dungeon (12/15)            Temple (1/1) D:5            Lair (6/6) D:8
  Swamp (0/4) Lair:2        Snake (0/4) Lair:2        Slime (0/5) Lair:5
    Orc (2/2) D:12            Elf (0/3) Orc:2       Gauntlet (visited)

Altars:
Cheibriados
Dithmenos
Fedhas
Gozag
Hepliaklqana
Kikubaaqudgha
Makhleb
Nemelex Xobeh
Okawaru
Ru
Trog
Vehumet
Wu Jian
Xom
Yredelemnul
Zin
The Shining One
Beogh

Shops:
D:8 ?   D:9 [   Orc:2 !=(

Annotations:
D:11 3 runed translucent doors, mdk's ghost, journeyman DECj


Innate Abilities, Weirdness & Mutations

You are immune to poison.
Your flesh is cold resistant. (rC+)
You are dopey. (Int -2)
You are very frail. (-20% HP)
You are immune to negative energy. (rN+++)
You are immune to unholy pain and torment.
You can survive without breathing.
You are vulnerable to heat. (rF-)
You cannot study or use magical devices.
You are in touch with the powers of death.
You do not drink.


Message History

Aim: a sixfirhy (summoned, 42% to hit)
The stone arrow hits the sixfirhy!!
The sixfirhy is heavily wounded.
Unknown command.
Casting: Stone Arrow (safe; 1% risk of failure)
Confirm with . or Enter, or press ? or * to list all spells.
A beastly little devil appears in a puff of flame.
The sixfirhy barely misses you. The sixfirhy misses you.
Unknown command.
Casting: Call Imp (safe; 1% risk of failure)
Confirm with . or Enter, or press ? or * to list all spells.
Okay, then.
Casting: Call Imp (safe; 1% risk of failure)
Confirm with . or Enter, or press ? or * to list all spells.
A chill wind blows around you.
The sixfirhy hits you but does no damage.
The sixfirhy is stunned by your conviction and fails to attack.
The sixfirhy barely misses you. The sixfirhy closely misses you.
The sixfirhy completely misses you.
You completely miss the sixfirhy.
The sixfirhy is heavily wounded.
You miss the sixfirhy.
The sixfirhy is heavily wounded.
You closely miss the sixfirhy.
The sixfirhy is heavily wounded.
The sixfirhy barely misses you.
You hit the sixfirhy.
The sixfirhy is heavily wounded.
The sixfirhy hits you. The sixfirhy shocks you! The sixfirhy hits you.
The sixfirhy shocks you! The sixfirhy hits you! The sixfirhy shocks you!
You hit the sixfirhy.
The sixfirhy is severely wounded.
The sixfirhy is stunned by your conviction and fails to attack.
The sixfirhy hits you. The sixfirhy shocks you!
* * * LOW HITPOINT WARNING * * *
You focus your inner power and blind the sixfirhy in retribution!
The sixfirhy hits you!
* * * LOW HITPOINT WARNING * * *
The sixfirhy shocks you!
You die...

§...§###############≈.§.≈≈≈##....
§§..≈##≈§8..8..8.§##≈.§..≈###....
..8..##≈...))....≈##..8..≈###....
.....##≈..)))....≈##[)[§.≈##.....
#'#'###...#####...###)#)#§##.....
#........≈#####≈...).)[.###......
.........≈≈§≈≈≈≈.....))§.##...#..
.8.............Y5.....)8.≈##.#...
.#............)3@......#.≈###....
≈#_.....###'''###....._#§≈##.....
≈###8..##.......##..8###≈###.....
#≈≈...##.........##...≈≈## #.....
*#≈≈≈##§....8.....##≈≈§#*###.#...
#####§§.8.≈≈≈.8..≈#######....##.
**** #≈§..≈≈o≈≈...≈# ##....##..
*,,**#≈..≈≈...≈≈..≈#* #....###..
,,,**8..8..._...8..∩# ##....###.


You could see a sixfirhy (summoned, blind, ally target), a friendly ice beast
(summoned) and a friendly crimson imp (summoned).

Vanquished Creatures
  A minotaur (Gauntlet)
  2 boulder beetles
  2 catoblepae
  8 hydras
  3 ogre magi (Orc:2)
  A death yak (Lair:6)
  Nergalle (Orc:1)
  2 bog bodies (Lair:2)
  An orc knight (D:12)
  3 oklob plants (Lair:3)
  An ugly thing (D:12)
  2 cyclopes
  5 orc sorcerers (Orc:2)
  4 elephants
  A manticore (D:11)
  An ice statue (Gauntlet)
  3 torpor snails
  3 black mambas
  10 cane toads
  A minotaur zombie (Gauntlet)
  5 komodo dragons
  An efreet (Gauntlet)
  8 rime drakes
  4 trolls
  2 polar bears (Lair:6)
  7 hornets
  17 blink frogs
  9 slime creatures (D:12)
  7 dream sheep (Lair:6)
  3 shadows (D:12)
  3 wraiths
  12 spriggans (Lair:6)
  8 basilisks
  Eustachio (D:5)
  3 fire elementals (Gauntlet)
  64 yaks
  3 wyverns
  9 vampire mosquitoes
  3 nagas (Lair:2)
  An acid dragon (D:11)
  14 water moccasins
  A hell hound (Gauntlet)
  11 orc warriors
  An ice beast (D:6)
  A sky beast (D:6)
  6 black bears
  4 boggarts (Lair:6)
  A necrophage (D:6)
  9 ogres
  4 centaurs
  34 wolves
  A phantom (D:5)
  Blork the orc (D:5)
  13 bullfrogs
  A gnoll sergeant (D:10)
  A scorpion (D:8)
  4 killer bees (D:7)
  2 troll zombies (D:12)
  2 water moccasin skeletons
  9 wights
  2 electric eels (Lair:3)
  4 howler monkeys
  6 centaur zombies
  5 jellies
  A hound (D:5)
  5 orc priests
  Crazy Yiuf (D:5)
  A centaur skeleton (D:5)
  A gnoll shaman (D:10)
  Natasha (thrice) (D:3)
  27 orc wizards
  Terence (D:3)
  4 ogre zombies (D:12)
  A hound skeleton (D:4)
  9 gnolls (D:10)
  9 adders
  A shadow imp (D:6)
  2 white imps
  An adder skeleton (D:5)
  2 worms
  A dart slug (D:1)
  74 orcs
  4 ball pythons
  4 bats
  10 endoplasms
  6 giant cockroaches
  18 goblins
  9 hobgoblins
  7 jackals
  11 kobolds
  3 quokkas (D:1)
  2 frilled lizards
  4 goblin skeletons (D:12)
  A goblin zombie (D:12)
  A hobgoblin skeleton (D:12)
  2 hobgoblin zombies (D:12)
  A jackal skeleton (D:4)
  An orc skeleton (D:12)
  9 orc zombies (D:12)
  4 rats
603 creatures vanquished.

Vanquished Creatures (collateral kills)
  A boulder beetle (Lair:4)
  The ghost of zarzak the Shield-Bearer, a journeyman DgFi (D:11)
  An orc sorcerer (Orc:2)
  A cyclops (D:8)
  A black mamba (Lair:4)
  2 elephants
  2 torpor snails (Lair:5)
  A komodo dragon (Lair:6)
  5 slime creatures (D:12)
  2 blink frogs (Lair:1)
  4 yaks
  A basilisk (Lair:4)
  A warg (D:12)
  A water moccasin (Lair:5)
  An orc warrior (D:8)
  An ogre (D:3)
  3 wolves (Lair:6)
  2 bullfrogs
  A scorpion (D:8)
  A killer bee (D:7)
  An electric eel (Lair:3)
  2 nameless horrors
  A jelly (Lair:5)
  An orc wizard (Orc:2)
  Robin (D:3)
  An adder (D:5)
  2 orcs (D:8)
  2 goblins (D:3)
  A hobgoblin (D:3)
  An orc zombie (D:12)
46 creatures vanquished.

Vanquished Creatures (others)
  2 hydras
  An elephant (Lair:6)
  A wyvern (Lair:6)
  A yak (D:8)
  A warg (Orc:1)
  A black bear (Lair:6)
  A wolf (Lair:6)
  An orc priest (D:9)
  4 bushes (Lair:5)
  100 fungi
  140 plants
253 creatures vanquished.

Grand Total: 902 creatures vanquished

Notes
Turn   | Place    | Note
-------+----------+-------------------------------------------
     0 | D:1      | sizableburger the Mummy Earth Elementalist began the quest
                  | for the Orb.
     0 | D:1      | Reached XP level 1. HP: 13/13 MP: 4/4
   131 | D:1      | Reached skill level 3 in Spellcasting
   168 | D:1      | Reached XP level 2. HP: 20/20 MP: 4/6
   289 | D:1      | Upgraded the game from 0.27-a0-1065-ge809cff456 to
                  | 0.27-a0-1084-g78b3836a5f
   669 | D:1      | Reached skill level 1 in Fighting
   915 | D:1      | Reached XP level 3. HP: 26/26 MP: 5/7
  1254 | D:1      | Learned a level 3 spell: Stone Arrow
  1349 | D:1      | Found a faded altar of an unknown god.
  2215 | D:2      | Learned a level 2 spell: Passwall
  2230 | D:2      | Reached XP level 4. HP: 29/32 MP: 9/9
  2572 | D:3      | Noticed Natasha
  2681 | D:3      | Killed Natasha
  2682 | D:3      | Reached skill level 1 in Short Blades
  2682 | D:3      | Reached skill level 1 in Conjurations
  2685 | D:3      | Noticed Natasha
  2729 | D:3      | Killed Natasha
  3087 | D:3      | Noticed Natasha
  3092 | D:3      | Reached skill level 4 in Spellcasting
  3092 | D:3      | Reached XP level 5. HP: 9/38 MP: 6/11
  4132 | D:4      | Learned a level 3 spell: Call Canine Familiar
  4380 | D:4      | Reached XP level 6. HP: 46/46 MP: 8/12
  5020 | D:5      | Entered Level 5 of the Dungeon
  5025 | D:5      | Found a staircase to the Ecumenical Temple.
  5036 | D:5      | Reached skill level 1 in Summonings
  5058 | Temple   | Entered the Ecumenical Temple
  5184 | Temple   | Became a worshipper of Ru the Awakened
  5319 | D:5      | Reached XP level 7. HP: 49/52 MP: 5/14
  5599 | D:5      | Noticed Eustachio
  5692 | D:3      | Killed Natasha
  5867 | D:3      | Noticed Terence
  5870 | D:3      | Killed Terence
  5871 | D:3      | Reached skill level 5 in Spellcasting
  5876 | D:3      | Noticed Robin
  5910 | D:3      | Killed Robin
  6746 | D:5      | Found a hazy altar of Hepliaklqana.
  6771 | D:5      | Gained mutation: You cannot study or use magical devices.
                  | [Ru sacrifice]
  6771 | D:5      | Reached * piety under Ru
  6771 | D:5      | Reached ** piety under Ru
  6972 | D:5      | Killed Eustachio
  7556 | D:5      | Identified the +5 quarterstaff of Excruciating Pain {venom,
                  | Str+2 Dex+4 SInv}
  7654 | D:5      | Found a runed translucent door.
  7655 | D:5      | Noticed Crazy Yiuf
  7742 | D:5      | Found an iron altar of Okawaru.
  7797 | D:5      | Noticed Blork the orc
  7911 | D:5      | Killed Blork the orc
  7912 | D:5      | Reached XP level 8. HP: 50/60 MP: 0/15
  7931 | D:5      | Reached skill level 1 in Staves
  8255 | D:5      | Killed Crazy Yiuf
  8599 | D:6      | Found a snail-covered altar of Cheibriados.
  8599 | D:6      | Found an opulent altar of Gozag.
  8929 | D:6      | Learned a level 2 spell: Call Imp
  8934 | D:6      | Learned a level 4 spell: Summon Ice Beast
  9088 | D:6      | Reached skill level 1 in Ice Magic
  9094 | D:6      | Reached skill level 5 in Fighting
  9813 | D:7      | Reached XP level 9. HP: 32/68 MP: 1/16
 10466 | D:7      | Gained mutation: You are frail. (-10% HP) [Ru sacrifice]
 10466 | D:7      | Reached *** piety under Ru
 10466 | D:7      | Reached **** piety under Ru
 10509 | D:8      | Identified a scroll of acquirement
 10509 | D:8      | Acquired the amulet "Nekhec" {RegenMP rN+ Str+5}
 11199 | D:8      | Reached skill level 1 in Armour
 11932 | D:8      | Noticed a cyclops
 12070 | D:8      | Killed a cyclops
 12071 | D:8      | Reached skill level 6 in Spellcasting
 12071 | D:8      | Reached skill level 5 in Earth Magic
 12192 | D:8      | Found a staircase to the Lair.
 12199 | D:8      | Learned a level 5 spell: Lee's Rapid Deconstruction
 12325 | D:8      | Found Nashoypi's Magic Scroll Boutique.
 12328 | D:8      | Bought a scroll of identify for 26 gold pieces
 12328 | D:8      | Bought a scroll of identify for 26 gold pieces
 12328 | D:8      | Bought a scroll of fear for 45 gold pieces
 12328 | D:8      | Bought a scroll of identify for 26 gold pieces
 12570 | D:8      | Reached XP level 10. HP: 66/66 MP: 10/19
 12604 | D:8      | Noticed a cyclops
 12611 | D:7      | Noticed a manticore
 12611 | D:7      | a komodo dragon changed into a manticore
 12987 | Lair:1   | Entered Level 1 of the Lair of Beasts
 13038 | Lair:1   | Noticed an eight-headed hydra
 13285 | Lair:1   | Noticed a cane toad
 13296 | Lair:1   | Killed a cane toad
 13566 | D:8      | Reached skill level 7 in Spellcasting
 13911 | Lair:1   | Reached skill level 5 in Staves
 13974 | Lair:1   | Gained mutation: You are very frail. (-20% HP) [Ru
                  | sacrifice]
 13974 | Lair:1   | Reached ***** piety under Ru
 14709 | Lair:1   | Killed an eight-headed hydra
 14710 | Lair:1   | Reached skill level 8 in Spellcasting
 14807 | Lair:1   | Identified the +0 ring mail of Paranoia {Int+4}
 15114 | Lair:1   | Learned a level 4 spell: Petrify
 15513 | Lair:2   | Noticed a seven-headed hydra
 15527 | Lair:2   | Killed a seven-headed hydra
 15528 | Lair:2   | Reached XP level 11. HP: 64/64 MP: 17/23
 15581 | Lair:2   | Reached skill level 5 in Armour
 15801 | Lair:2   | Found a staircase to the Snake Pit.
 15994 | Lair:2   | Found a staircase to the Swamp.
 15994 | Lair:2   | Noticed a bog body
 15996 | Lair:2   | Noticed a bog body
 16004 | Lair:2   | Killed a bog body
 16007 | Lair:2   | Killed a bog body
 16008 | Lair:2   | Reached skill level 9 in Spellcasting
 16083 | Lair:2   | Noticed a six-headed hydra
 16096 | Lair:2   | Killed a six-headed hydra
 16800 | Lair:3   | Reached skill level 1 in Transmutations
 16896 | Lair:2   | Gained mutation: You are dopey. (Int -2) [Ru sacrifice]
 16896 | Lair:2   | Reached ****** piety under Ru
 17771 | Lair:3   | Reached XP level 12. HP: 71/71 MP: 20/25
 17775 | Lair:3   | Reached skill level 10 in Spellcasting
 18615 | Lair:3   | You fall into a shaft and drop 2 floors!
 19187 | Lair:4   | Noticed a five-headed hydra
 19201 | Lair:4   | Killed a five-headed hydra
 19288 | Lair:5   | Reached skill level 5 in Ice Magic
 19321 | Lair:4   | Noticed a boulder beetle
 19694 | Lair:3   | Identified the +8 short sword "Zetuyklabb" {venom, Dex+2}
 19842 | Lair:4   | Upgraded the game from 0.27-a0-1084-g78b3836a5f to
                  | 0.27-a0-1090-gb115f176c6
 20220 | Lair:4   | Reached skill level 11 in Spellcasting
 20277 | Lair:4   | Killed a boulder beetle
 20278 | Lair:4   | Reached skill level 5 in Summonings
 20954 | Lair:5   | Gained mutation: You are in touch with the powers of death.
                  | [Mummy growth]
 20954 | Lair:5   | Reached XP level 13. HP: 55/78 MP: 13/28
 21412 | Lair:5   | Found an ornate altar of the Wu Jian Council.
 21952 | Lair:5   | Found a staircase to the Slime Pits.
 22221 | Lair:6   | Entered Level 6 of the Lair of Beasts
 22776 | Lair:6   | Learned a level 1 spell: Summon Small Mammal
 22989 | Lair:6   | Reached skill level 12 in Spellcasting
 23576 | Lair:6   | Reached skill level 1 in Throwing
 24074 | Lair:6   | Identified the +5 quarterstaff "Ibrut" {vamp, rF+ rN+ SInv}
 24540 | Lair:6   | Reached XP level 14. HP: 75/79 MP: 16/30
 25754 | D:9      | Found Ninop's Antique Armour Emporium.
 25780 | D:9      | Found a bloodstained altar of Trog.
 25780 | D:9      | Found a bloodstained altar of Trog.
 25782 | D:9      | Found a snail-covered altar of Cheibriados.
 25782 | D:9      | Found a hazy altar of Hepliaklqana.
 25782 | D:9      | Found a shimmering altar of Xom.
 26304 | D:10     | Entered Level 10 of the Dungeon
 26460 | D:10     | Identified the +1 robe of Plasticity {rPois Int-5 Stlth+}
 26784 | D:10     | Found a sparkling altar of Nemelex Xobeh.
 27192 | D:11     | Found a runed translucent gate.
 27193 | D:11     | Found a runed translucent gate.
 27194 | D:11     | Found a runed translucent gate.
 27194 | D:11     | Noticed zarzak's ghost (journeyman DgFi)
 27950 | D:11     | Found a runed translucent gate.
 27950 | D:11     | Found a runed translucent gate.
 27950 | D:11     | Found a runed translucent gate.
 27950 | D:11     | Noticed mdk's ghost (journeyman DECj)
 27953 | D:11     | Found a basalt altar of Yredelemnul.
 28101 | D:11     | Learned a level 3 spell: Vampiric Draining
 28185 | D:11     | Reached skill level 10 in Fighting
 28662 | D:11     | Reached skill level 1 in Necromancy
 28672 | D:11     | Killed zarzak's ghost
 29586 | D:12     | Learned a level 5 spell: Agony
 29614 | D:12     | Found a staircase to the Orcish Mines.
 31018 | Orc:1    | Entered Level 1 of the Orcish Mines
 31178 | Orc:1    | Noticed Nergalle
 31186 | Orc:1    | Killed Nergalle
 31429 | Orc:2    | Entered Level 2 of the Orcish Mines
 31429 | Orc:2    | Found a gate leading to a gauntlet.
 31679 | Gauntlet | Entered a Gauntlet
 31679 | Gauntlet | Found a transporter.
 31689 | Gauntlet | Found a transporter.
 31691 | Gauntlet | Found a transporter.
 31693 | Gauntlet | Found a transporter.
 31723 | Gauntlet | Found a transporter.
 31725 | Gauntlet | Found a transporter.
 31743 | Gauntlet | Found a transporter.
 31760 | Gauntlet | Found a transporter.
 31768 | Gauntlet | Found a transporter.
 31786 | Gauntlet | Found a transporter.
 31806 | Gauntlet | Found a transporter.
 31818 | Gauntlet | Found a transporter.
 31850 | Gauntlet | Found a transporter.
 31862 | Gauntlet | Found a transporter.
 31868 | Gauntlet | Found a transporter.
 31894 | Gauntlet | Found a transporter.
 31900 | Gauntlet | Found a transporter.
 32081 | Gauntlet | Found a transporter.
 32386 | Gauntlet | Identified the amulet "Gan Miyjoes" {rElec Regen+}
 32416 | Gauntlet | Identified the amulet "Vuen" {rElec rPois Regen+ Dex-2}
 32483 | Gauntlet | HP: 3/66 [minotaur zombie (4)]
 33138 | Orc:2    | Found Negu's Jewellery Shop.
 33158 | Orc:2    | Found an ancient bone altar of Kikubaaqudgha.
 33229 | Orc:2    | Reached skill level 5 in Throwing
 33290 | Orc:2    | Found a radiant altar of Vehumet.
 33317 | Orc:2    | Found Solewn's Distillery.
 33520 | Orc:2    | Paralysed by an orc sorcerer for 3 turns
 33536 | Orc:2    | Found Kege's Antique Weapon Boutique.
 33679 | Orc:2    | Slain by a sixfirhy

Illustrated notes

Levels and vault maps discovered:
D:1:      wander_arrival_lonely_grave, layout_loops_ring, serial_glass,
          glass_columns_a, glass_columns_a,
          shapermc_ecumenical_altar_mp_highgroup, chequers_garden, st_stairs_2
D:2:      layout_loops_ring
D:3:      layout_basic, uniq_terence, uniq_robin, uniq_natasha
D:4:      layout_basic
D:5:      corexii_shack_village, layout_basic, okawaru_gym_becter,
          overflow_temple_1_default, minmay_temple_entry_trees, uniq_eustachio,
          uniq_blork_the_orc, uniq_crazy_yiuf_cottage
D:6:      layout_loops_corners, gammafunk_temple_overflow_wave
D:7:      layout_loops_cross
D:8:      minmay_cornered_nines, layout_cave_pools, due_lair_maze_entry_diamond,
          serial_shops, kennysheep_mini, grunt_ogre_cave, solitary_fountain
D:9:      layout_loops_ring, doesnt_xom_only_xom, serial_shops,
          kennysheep_mini_moat, kennysheep_cluttered_room
D:10:     layout_roguey [special_room_orc], nemelex_spade_bored_becter
D:11:     layout_stronghold, gammafunk_ghost_split,
          nicolae_yredelemnul_ghost_church
D:12:     layout_roguey, zombieorc1_lemuel, tso_altar
Temple:   eino_temple_rhombus
Lair:1:   layout_cellular_growth, grunt_megastairs_4, serial_bayou_shore_b,
          infiniplex_staircase_pool_2
Lair:2:   layout_loops_ring, skrybe_swamp_entry_bodies,
          minmay_snake_entry_guardpost_small, grunt_megastairs_2
Lair:3:   layout_roguey, serial_bayou_shore_a, infiniplex_staircase_pool,
          minmay_lair_oklob_chamber
Lair:4:   layout_gridlike
Lair:5:   layout_regular_city, nicolae_slime_entry_slimehenge, basic_altar
Lair:6:   minmay_lair_end_enchanted_forest, layout_long_grid, st_stairs_9
Orc:1:    layout_caves, uniq_nergalle
Orc:2:    kennysheep_orc_mage_school, layout_caves, gauntlet_entry_generic

Skill      XL: |  1  2  3  4  5  6  7  8  9 10 11 12 13 14 |
---------------+-------------------------------------------+-----
Spellcasting   | 3 4 5 6 8 9 11 12 | 12.8
Fighting       | 1 2 3 4 5 6 8 9 10 | 10.9
Short Blades   | 1 2 3 |  3.0
Conjurations   | 1 2 3 |  3.7
Earth Magic    | 3 4 5 6 7 8 9 |  9.6
Summonings     | 1 2 3 4 5 6 |  6.1
Staves         | 2 4 5 6 7 8 |  8.0
Ice Magic      | 2 4 5 6 |  6.5
Armour         | 3 4 5 6 |  6.9
Transmutations | 2 |  2.8
Throwing       | 2 5 |  5.1
Necromancy     | 4 |  4.4
Dodging        | |  1.5
Stealth        | |  1.5

Action                   |  1- 3 |  4- 6 |  7- 9 | 10-12 | 13-15 || total
-------------------------+-------+-------+-------+-------+-------++-------
Melee: Dagger            |    92 |   122 |   135 |       |       ||   349
       Quarterstaff      |       |       |   153 |   153 |   525 ||   831
Throw: Javelin           |       |       |       |       |     6 ||     6
 Cast: Sandblast         |    34 |    11 |    21 |    76 |   118 ||   260
       Stone Arrow       |       |    10 |    35 |    89 |   134 ||   268
       Call Canine Famil |       |       |    19 |    20 |     2 ||    41
       Call Imp          |       |       |    13 |    20 |     5 ||    38
       Petrify           |       |       |       |     4 |    10 ||    14
       Summon Ice Beast  |       |       |       |    28 |    45 ||    73
       Lee's Rapid Decon |       |       |       |     4 |    25 ||    29
Invok: Sacrifice Artific |       |       |     1 |       |       ||     1
       Draw Out Power    |       |       |     2 |     3 |       ||     5
       Power Leap        |       |       |     2 |     7 |    13 ||    22
       Sacrifice Health  |       |       |     1 |     1 |       ||     2
       Apocalypse        |       |       |       |     7 |    12 ||    19
       Sacrifice Purity  |       |       |       |     1 |       ||     1
  Use: Scroll            |       |     6 |     6 |     8 |     4 ||    24
 Stab: Sleeping          |     1 |     3 |     4 |     2 |     1 ||    11
       Invisible         |       |       |     2 |     1 |     6 ||     9
       Distracted        |       |       |     3 |     3 |     2 ||     8
       Paralysed         |       |       |       |     4 |    15 ||    19
       Petrified         |       |       |       |     5 |    14 ||    19
Armor: Robe              |    27 |    30 |    60 |     1 |       ||   118
       Ring mail         |       |       |       |    58 |   200 ||   258
Dodge: Dodged            |    57 |    93 |   182 |   159 |   404 ||   895

Table legend: (Time is in decaauts)
 A = Elapsed time spent in this place.
 B = Non-inter-level travel time spent in this place.
 C = Inter-level travel time spent in this place.
 D = Time resting spent in this place.
 E = Time spent auto-exploring this place.
 F = Levels seen in this place.
 G = Mean time per level.
                   A        B        C        D        E       F      G
               +--------+--------+--------+--------+--------+-----+--------+
         Total |  33750 |  31899 |   1851 |  10590 |  15497 |  22 | 1534.1 |
       Dungeon |  18650 |  17774 |    876 |   5179 |   9980 |  12 | 1554.2 |
        Temple |    132 |    114 |     18 |      0 |    112 |   1 |  132.0 |
          Lair |  12316 |  11440 |    876 |   4249 |   4951 |   6 | 2052.7 |
  Orcish Mines |   1475 |   1394 |     81 |    540 |    454 |   2 |  737.5 |
      Gauntlet |   1175 |   1175 |      0 |    621 |      0 |   1 | 1175.0 |
               +--------+--------+--------+--------+--------+-----+--------+

Top non-repeatable levels by time:
  Lair:6: 2383 daAuts
  Lair:1: 2324 daAuts
     D:5: 2141 daAuts
  Lair:3: 2041 daAuts
     D:4: 1962 daAuts
  Lair:5: 1914 daAuts
    D:11: 1890 daAuts
    D:12: 1877 daAuts
  Lair:2: 1827 daAuts
  Lair:4: 1825 daAuts
     D:8: 1821 daAuts
     D:7: 1588 daAuts
     D:1: 1468 daAuts
     D:3: 1457 daAuts
     D:6: 1420 daAuts
